Cogmind - Beta 9.4 *** ADVENTURER MODE // 2020.07.27 @ 23:13:16 Player: Scyralis Result: Self-destructed Performance ------------- Evolutions (3) 1500 Regions Visited (6) 1200 Robots Destroyed (38) 190 Value Destroyed (475) 475 Prototype IDs (6) 120 Alien Tech Used (0) 0 Bonus (0) 0 TOTAL SCORE: 3485 Bonus ------- None Cogmind --------- Core Integrity 700/700 Matter 230/300 Energy 149/150 System Corruption 0% Temperature Cool (0) Movement Hovering (50) Location -7/Factory Parts ------- > --- POWER (2) -------- Light Angular Momentum Engine > --- PROPULSION (5) --- Improved Airjet > --- UTILITY (4) ------ Improved Terrain Scanner Transport Network Coupler Core Analyzer > --- WEAPON (2) ------- (None) > --- INVENTORY (4) ---- (None) Peak State ------------ > --- POWER ------------ Light Angular Momentum Engine > --- PROPULSION ------- Titanium Leg Titanium Leg Titanium Leg > --- UTILITY ---------- Transport Network Coupler Hardlight Generator > --- WEAPON ----------- (None) > --- INVENTORY -------- (None) [Rating: 18] Favorites ----------- Power Light Ion Engine Engine Light Ion Engine Propulsion Flight Unit Leg Titanium Leg Wheel Wheel Hover Unit Improved Airjet Flight Unit Flight Unit Utility Improved Terrain Scanner Device Improved Terrain Scanner Processor Seismic Analyzer Weapon Light Assault Rifle Energy Gun Small Laser Ballistic Gun Light Assault Rifle Special Weapon Mining Laser Slashing Weapon Mining Claw Build | -11 -10 -10 -9 -9 -8 -7 ------- Run | Scr Mat Min Mat Min Mat Fac Slots Evolved 6 | . . . 2 . 2 2 Power 1 | . . . . . 1 . Propulsion 3 | . . . . . 1 2 Utility 2 | . . . 2 . . . Weapon . | . . . . . . . Parts Attached 45 | 7 5 5 18 1 7 2 Power 10 | 1 1 1 6 . 1 . Engine 10 | 1 1 1 6 . 1 . Core . | . . . . . . . Reactor . | . . . . . . . Propulsion 14 | 2 1 2 5 . 3 1 Treads . | . . . . . . . Leg 3 | . . . . . 3 . Wheel 2 | 2 . . . . . . Hover 1 | . . . . . . 1 Flight 8 | . 1 2 5 . . . Utility 9 | 2 . . 3 . 3 1 Device 6 | 1 . . 2 . 3 . Storage . | . . . . . . . Processor 3 | 1 . . 1 . . 1 Hackware . | . . . . . . . Protection . | . . . . . . . Artifact . | . . . . . . . Weapon 12 | 2 3 2 4 1 . . Energy Gun 5 | . 2 1 1 1 . . Energy Cannon . | . . . . . . . Ballistic Gun 4 | 1 1 . 2 . . . Ballistic Cannon . | . . . . . . . Launcher . | . . . . . . . Special Weapon 1 | 1 . . . . . . Impact Weapon . | . . . . . . . Slashing Weapon 2 | . . 1 1 . . . Piercing Weapon . | . . . . . . . Special Melee Weapon . | . . . . . . . Unidentified Prototypes 2 | . . . 1 . . 1 Parts Lost 14 | . 1 1 5 2 5 . Power 4 | . 1 1 1 . 1 . Propulsion 4 | . . . 2 1 1 . Utility 3 | . . . . . 3 . Weapon 3 | . . . 2 1 . . Highest Loss Streak 4 | . 1 1 3 2 4 . Average Slot Usage (%) 74 | . 84 84 84 87 44 41 Engine 9 | . 12 4 10 11 6 7 Leg 3 | . . . . . 12 14 Wheel 1 | . 7 . . . . . Flight 13 | . 10 24 20 21 2 . Device 14 | . 14 14 17 22 9 7 Processor 16 | . 14 14 22 22 12 8 Energy Gun 6 | . 9 13 7 4 . . Ballistic Gun 6 | . 16 . 5 6 . . Slashing Weapon 1 | . . 13 1 . . . Naked Turns . | . . . . . . . Heaviest Build 16 | 6 7 13 16 6 14 10 Greatest Support 51 | 26 26 8 10 8 51 51 Greatest Overweight (x) 4 | . 1 4 1 1 1 . Average Overweight (x) . | . . . . . . . Largest Inventory Capacity 4 | 4 4 4 4 4 4 4 Average Capacity 4 | 4 4 4 4 4 4 4 Most Carried 4 | 2 3 4 4 2 4 1 Average Carried 1 | . 1 1 1 1 1 . Final Capacity 4 | 4 4 4 4 4 4 4 Final Carried 3 | . 3 2 1 1 . . Class Distribution -------------------- 37% | Scavenger-Mutant 32% | Mutant 25% | Scavenger-Scout Dominant Class ---------------- Scavenger-Mutant | -10/Materials Scavenger-Mutant | -10/Mines Scavenger-Scout | -9/Materials Scavenger-Scout | -9/Mines Mutant | -8/Materials Mutant | -7/Factory Resources | -11 -10 -10 -9 -9 -8 -7 ----------- Run | Scr Mat Min Mat Min Mat Fac Matter Collected 640 | 291 95 47 171 21 15 . Remotely . | . . . . . . . Salvage Created 1109 | 150 339 157 463 . . . Parts 77 | 11 24 8 34 . . . Haulers Intercepted 2 | . 1 . 1 . . . Recyclers Shooed 1 | . 1 . . . . . Parts Field Recycled . | . . . . . . . Retrieved Matter . | . . . . . . . Parts Self-Destructed . | . . . . . . . Prevented . | . . . . . . . Kills | -11 -10 -10 -9 -9 -8 -7 ------- Run | Scr Mat Min Mat Min Mat Fac Combat Hostiles Destroyed 19 | . 5 4 10 . . . Melee 3 | . . 2 1 . . . Guns 16 | . 5 2 9 . . . Classes Destroyed 8 | 3 4 . 1 . . . Worker 7 | 2 2 . 3 . . . Tunneler 3 | 3 . . . . . . Hauler 2 | . 1 . 1 . . . Recycler 5 | 1 1 1 2 . . . Watcher 2 | . 1 . 1 . . . Swarmer 13 | . 3 4 6 . . . Grunt 5 | . 2 . 3 . . . Sentry 1 | . . . 1 . . . Best Kill Streak 7 | 2 5 3 7 . . . Combat Bots Only 6 | . 3 3 6 . . . Max Kills in Single Turn 2 | 1 1 1 2 . . . Gunslinging . | . . . . . . . Exploded . | . . . . . . . Melee 1 | . . 1 1 . . . Uniques/NPCs Destroyed . | . . . . . . . Combat | -11 -10 -10 -9 -9 -8 -7 -------- Run | Scr Mat Min Mat Min Mat Fac Damage Taken 1667 | . 165 70 626 70 736 . Core 537 | . 14 21 200 21 281 . Absorbed by Shields 33 | . . . . . 33 . Core Remaining (%) 69 | 100 . 86 . 44 48 . Volleys Fired 151 | 24 37 21 69 . . . Largest 2 | 2 2 1 2 . . . Hottest 120 | 120 70 40 65 . . . Shots Fired 195 | 26 73 21 75 . . . Gun 193 | 24 73 21 75 . . . Cannon . | . . . . . . . Launcher . | . . . . . . . Special 2 | 2 . . . . . . Kinetic 100 | 24 49 . 27 . . . Thermal 95 | 2 24 21 48 . . . Explosive . | . . . . . . . Electromagnetic . | . . . . . . . Robot Hit Streak 20 | 8 8 4 20 . . . Robot Miss Streak 3 | 1 2 1 3 . . . Penetration Max . | . . . . . . . Secondary Targets . | . . . . . . . Shots Hit Robots 143 | 21 41 18 63 . . . Core Hits 75 | 10 17 7 41 . . . Critical Hits 2 | 1 1 . . . . . Critical Kills 2 | 1 1 . . . . . Critical Parts Destroyed . | . . . . . . . Melee Attacks 4 | . . 2 2 . . . Impact . | . . . . . . . Slashing 4 | . . 2 2 . . . Piercing . | . . . . . . . Sneak Attacks . | . . . . . . . Combat Hostiles . | . . . . . . . Follow-up Attacks . | . . . . . . . Damage Inflicted 1668 | 196 379 199 894 . . . Guns 1430 | 172 379 154 725 . . . Cannons . | . . . . . . . Explosions 145 | . . . 145 . . . Melee 69 | . . 45 24 . . . Ramming . | . . . . . . . Kinetic 551 | 172 201 . 178 . . . Thermal 903 | 24 178 154 547 . . . Explosive 145 | . . . 145 . . . Electromagnetic . | . . . . . . . Impact . | . . . . . . . Slashing 69 | . . 45 24 . . . Piercing . | . . . . . . . Highest Corruption 1 | . 1 1 . . . . Average Corruption 1 | . 1 1 . . . . Corruption Purged . | . . . . . . . Effects 1 | . . 1 . . . . Message Errors 1 | . . 1 . . . . Overload Shots . | . . . . . . . Overflow Damage . | . . . . . . . Projectiles . | . . . . . . . Explosions . | . . . . . . . Melee . | . . . . . . . Knockbacks . | . . . . . . . Impact . | . . . . . . . Kinetic . | . . . . . . . Secondary . | . . . . . . . Self-Inflicted Damage 70 | . . . 70 . . . Shots 1 | . . . 1 . . . Rammed . | . . . . . . . Targets Rammed . | . . . . . . . Kicked . | . . . . . . . Crushed . | . . . . . . . Highest Temperature 105 | 60 100 12 105 . 3 . Average Temperature 31 | 32 34 6 35 . 3 . Received Heat Transfer 677 | . 84 . 240 30 323 . Siege Activations . | . . . . . . . Robots Corrupted . | . . . . . . . Combat Hostiles . | . . . . . . . Parts Fried . | . . . . . . . Impact Corruptions . | . . . . . . . Robots Melted . | . . . . . . . Combat Hostiles . | . . . . . . . Parts Melted 2 | . 1 . 1 . . . Heat Transferred 1880 | 50 495 350 985 . . . Parts Sabotaged . | . . . . . . . Parts Stolen . | . . . . . . . Parts Stripped . | . . . . . . . Power Chain Reactions . | . . . . . . . Missiles Intercepted . | . . . . . . . Alert | -11 -10 -10 -9 -9 -8 -7 ------- Run | Scr Mat Min Mat Min Mat Fac Peak Influence 358 | 30 256 169 358 113 30 1 Average Influence 108 | 10 134 149 187 112 15 1 Maximum Alert Level 1 | . 1 . 1 . . . Low Security (%) 86 | 100 90 100 54 100 100 100 Level 1 13 | . 9 . 45 . . . Level 2 . | . . . . . . . Level 3 . | . . . . . . . Level 4 . | . . . . . . . Level 5 . | . . . . . . . High Security . | . . . . . . . Max Security . | . . . . . . . Squads Dispatched 10 | . 4 . 3 . 2 1 Investigation 8 | . 4 . 1 . 2 1 Extermination . | . . . . . . . Reinforcement 2 | . . . 2 . . . Assault . | . . . . . . . Garrison . | . . . . . . . Intercept . | . . . . . . . Construction Impeded . | . . . . . . . Haulers Reinforced . | . . . . . . . Stealth | -11 -10 -10 -9 -9 -8 -7 --------- Run | Scr Mat Min Mat Min Mat Fac Distress Signals 3 | . 1 . 2 . . . Communications Jammed . | . . . . . . . Distress Signals . | . . . . . . . Times Spotted 71 | . 11 4 25 17 9 5 Peak Tracking Total 7 | . 3 3 7 6 7 4 Tactical Retreats 9 | . 2 . 1 5 1 . Traps | -11 -10 -10 -9 -9 -8 -7 ------- Run | Scr Mat Min Mat Min Mat Fac Traps Triggered 4 | . 1 . . . 2 1 Indirectly . | . . . . . . . Trap Hack Attempts . | . . . . . . . Triggered . | . . . . . . . Disarmed . | . . . . . . . Reprogrammed . | . . . . . . . Reused . | . . . . . . . Traps Extracted . | . . . . . . . Installed . | . . . . . . . Triggered . | . . . . . . . Machines | -11 -10 -10 -9 -9 -8 -7 ---------- Run | Scr Mat Min Mat Min Mat Fac Machines Disabled 1 | . . . 1 . . . Max in Single Turn 1 | . . . 1 . . . Machines Sabotaged . | . . . . . . . Garrisons Compromised . | . . . . . . . Overloaded Fab Kills . | . . . . . . . Fab Network Shutdowns . | . . . . . . . Hacking | -11 -10 -10 -9 -9 -8 -7 --------- Run | Scr Mat Min Mat Min Mat Fac Machines Accessed 9 | . 6 . 1 . 1 1 Terminals 8 | . 6 . 1 . 1 . Fabricators 1 | . . . . . . 1 Repair Stations . | . . . . . . . Recycling Units . | . . . . . . . Scanalyzers . | . . . . . . . Garrison Access . | . . . . . . . Total Hacks 32 | . 22 . 5 . 4 1 Successful 23 | . 17 . 4 . 1 1 Failed 9 | . 5 . 1 . 3 . Catastrophic 3 | . 1 . . . 2 . Database Lockouts . | . . . . . . . Manual . | . . . . . . . Terminals 31 | . 22 . 5 . 4 . Fabricators 1 | . . . . . . 1 Repair Stations . | . . . . . . . Recycling Units . | . . . . . . . Scanalyzers . | . . . . . . . Garrison Access . | . . . . . . . Terminal Hacks 22 | . 17 . 4 . 1 . Record 3 | . 3 . . . . . Robot Analysis 1 | . . . 1 . . . Prototype ID Bank 2 | . 2 . . . . . Level Access Points 1 | . 1 . . . . . Branch Access Points 2 | . 1 . 1 . . . Emergency Access Points 2 | . 1 . . . 1 . Repair Station Index 1 | . 1 . . . . . Recycling Unit Index 1 | . 1 . . . . . Alert Level 2 | . 2 . . . . . Locate Traps 1 | . . . 1 . . . Recall Reinforcements 1 | . 1 . . . . . Hauler Manifests 1 | . 1 . . . . . Registered Components 1 | . 1 . . . . . Zone Layout 3 | . 2 . 1 . . . Fabricator Hacks 1 | . . . . . . 1 Network Status 1 | . . . . . . 1 Repair Station Hacks . | . . . . . . . Recycling Unit Hacks . | . . . . . . . Scanalyzer . | . . . . . . . Garrison Access Hacks . | . . . . . . . Unauthorized Hacks . | . . . . . . . Terminals . | . . . . . . . Fabricators . | . . . . . . . Repair Stations . | . . . . . . . Recycling Units . | . . . . . . . Scanalyzers . | . . . . . . . Garrison Access . | . . . . . . . Data Cores Recovered . | . . . . . . . Used . | . . . . . . . Hacking Detections 8 | . 6 . 1 . 1 . Full Trace Events 7 | . 5 . 1 . 1 . Feedback Events . | . . . . . . . Feedback Blocked . | . . . . . . . Robot Schematics Acquired . | . . . . . . . Robots Built . | . . . . . . . Matter . | . . . . . . . Time . | . . . . . . . Total Robot Build Rating . | . . . . . . . Part Schematics Acquired . | . . . . . . . Parts Built . | . . . . . . . Matter . | . . . . . . . Time . | . . . . . . . Total Part Build Rating . | . . . . . . . Parts Repaired . | . . . . . . . Time . | . . . . . . . Parts Recycled . | . . . . . . . Recycled Matter . | . . . . . . . Retrieved Matter . | . . . . . . . Retrieved Components . | . . . . . . . Parts Scanalyzed . | . . . . . . . Part Schematics Acquired . | . . . . . . . Parts Damaged . | . . . . . . . Bothacking | -11 -10 -10 -9 -9 -8 -7 ------------ Run | Scr Mat Min Mat Min Mat Fac Used RIF Installer . | . . . . . . . Robots Hacked . | . . . . . . . Non-combat . | . . . . . . . Combat . | . . . . . . . Robot Hacks Applied . | . . . . . . . Relay Couplers Released . | . . . . . . . Robots Rewired . | . . . . . . . Allies Hacked . | . . . . . . . Hacks Repelled . | . . . . . . . Allies | -11 -10 -10 -9 -9 -8 -7 -------- Run | Scr Mat Min Mat Min Mat Fac Total Allies . | . . . . . . . Largest Group . | . . . . . . . Highest-Rated Group . | . . . . . . . Highest-Rated Ally . | . . . . . . . Total Orders . | . . . . . . . Ally Attacks . | . . . . . . . Total Damage . | . . . . . . . Kills . | . . . . . . . Allies Corrupted . | . . . . . . . Allies Melted . | . . . . . . . Intel | -11 -10 -10 -9 -9 -8 -7 ------- Run | Scr Mat Min Mat Min Mat Fac Robot Analysis Total 1 | . . . 1 . . . Derelict Logs Recovered 2 | . . 1 . 1 . . Drone Launches . | . . . . . . . Drone Recoveries . | . . . . . . . Exploration | -11 -10 -10 -9 -9 -8 -7 ------------- Run | Scr Mat Min Mat Min Mat Fac Turns Passed 1560 | 111 376 161 385 163 157 207 Spaces Moved 1612 | 57 313 108 331 414 142 247 Core 106 | 7 . 52 . . 47 . Treads . | . . . . . . . Legs 151 | . . . . . 54 97 Wheels 114 | 50 64 . . . . . Hover 150 | . . . . . . 150 Flight 1091 | . 249 56 331 414 41 . Fastest Speed 37 | 50 40 37 37 37 50 50 Average Speed 66 | 85 82 81 54 38 100 81 Slowest Speed 250 | 90 120 250 120 120 130 130 Overloaded Moves . | . . . . . . . Propulsion Burnouts . | . . . . . . . Robots Hopped 17 | . 3 . 12 2 . . Cave-ins Triggered . | . . . . . . . Exploration Rate (%) 32 | 5 62 24 31 78 21 8 Regions Visited 6 Branch Regions 2 Pre-discovered Areas 1 | . . 1 . . . . Known Exits Taken 4 | . 1 1 1 . 1 . Unknown Exits Taken 2 | 1 . . . 1 . . Scrap Searched 2 | . . 1 . 1 . . Spaces Dug . | . . . . . . . Terrain Destroyed 23 | 1 . . 22 . . . Melee . | . . . . . . . Projectile 1 | 1 . . . . . . AOE 22 | . . . 22 . . . Actions | -11 -10 -10 -9 -9 -8 -7 --------- Run | Scr Mat Min Mat Min Mat Fac Total 1898 | 94 368 157 452 416 157 254 Wait 32 | . 3 15 10 2 2 . Move 1575 | 56 306 107 309 409 141 247 Hop 14 | . 3 . 9 2 . . Pick Up 46 | 7 7 5 19 1 5 2 Fast Attach . | . . . . . . . Attach 38 | 7 5 4 12 1 7 2 Detach 4 | . 1 . 2 . 1 . Swap 7 | . . 1 6 . . . Drop 27 | . 6 2 14 1 1 3 Fire 151 | 24 37 21 69 . . . Melee 4 | . . 2 2 . . . Ram . | . . . . . . . Kick . | . . . . . . . Crush . | . . . . . . . Escape Stasis . | . . . . . . . Rewire . | . . . . . . . Trap . | . . . . . . . Miscellaneous . | . . . . . . . Route ------- -11/Scrapyard -10/Materials (discovered 4 exits: *Mat x3 / *Min) -10/Mines -9/Materials (discovered 3 exits: *Mat / *Min x2) -9/Mines -8/Materials -7/Factory History --------- Turn | Location | Event 2 | -11/Scrapyard | Discovered new exit (range 16) 112 | -11/Scrapyard | Entered Materials 133 | -10/Materials | Identified exit to Mines 234 | -10/Materials | Discovered new exit (range 15) 476 | -10/Materials | Identified exit to Materials 488 | -10/Materials | Entered Mines 490 | -10/Mines | Met a Derelict bent on vengeance 518 | -10/Mines | Build established: Scavenger-Mutant 544 | -10/Mines | Discovered exit to Materials (range 8) 548 | -10/Mines | Received a Rocket Launcher from a helpful Derelict 568 | -10/Mines | Learned location of Recycling (-8) 649 | -10/Mines | Entered Materials 649 | -9/Materials | Evolved 2 slots: Utility x2 804 | -9/Materials | Discovered new exit (range 14) 871 | -9/Materials | Discovered new exit (range 15) 881 | -9/Materials | Lost 3 parts (1p1n1w) 1005 | -9/Materials | Identified exit to Mines 1034 | -9/Materials | Entered Mines 1079 | -9/Mines | Core integrity fell below 50% 1188 | -9/Mines | Discovered new exit (range 10) 1197 | -9/Mines | Entered Materials 1197 | -8/Materials | Evolved 2 slots: Power x1, Propulsion x1 1198 | -8/Materials | Identified exit to Factory 1279 | -8/Materials | Lost 4 parts (1p1n2u) 1343 | -8/Materials | Core integrity fell below 50% 1354 | -8/Materials | Entered Factory 1354 | -7/Factory | Evolved 2 slots: Propulsion x2 1554 | -7/Factory | Build established: Mutant 1561 | -7/Factory | Self-destructed Last Messages --------------- 01352_ U-05 Engineer lays Concrete. PARAMETERS=PROPULSION_2 LOCATION=FACTORY GOAL=ESCAPE 01405_ Triggered Alarm Trap. 01405_ An alarm sounds. 01405_ ALERT: Alarm triggered, dispatching investigation squad. 01422_ U-05 Engineer lays Concrete. 01481_ Acquired Prototype Hover Unit. 01482_ Dropped Titanium Leg. 01483_ Identified Imp. Airjet. 01488_ Connecting with Fabricator... >>Network(Status) Network status: Online Allocated matter: 833 01509_ K-01 Serf cleans the Neutrino Reactor. 01516_ K-01 Serf cleans the Construction Platform. 01526_ K-01 Serf cleans the Neutrino Reactor. 01532_ Acquired Core Analyzer. 01561_ A-02 Transporter destroyed. Map ----- +----------------------------------------------------+ | ?????????????????????????????????????????????????? | | ?????????????????????????????????????????????????? | | ?????????????????????????????????????????????????? | | ?????????????????????????????????????????????????? | | ?????????????????????????????????????????????????? | | ???????????????????????????????????????????#?????? | | ?????????????????????????????????????????????????? | | ?????????????????????????????????????????????????# | | ?????????????????????????????????????????????????? | | ?????????????????????????????????????????????????? | | ?????????????????????????????????????????????????? | | ?????????????????????????????????????????????????? | | ?????????????????????????????????????????????????? | | ?????????????????????????????????????????????????? | | ??????????????????????????????????????###########? | | ??????????????????????????????????????# #? | | ??????????????????????????????????????# ## | | ?????????????????????????????????? ???# # | | ????????????????????? ????????????????# # | | ??????????????????????????????????????# # | | ??????????????????????????????????????# + | | ??????????????????????????????????????# # | | ??????????????????????????????????????# # | | ?????????????###+##############+################# | | ?????????????# | | ?????????????# @ | | ?????????????# "" """ | | ?????????????# *!! "" """ | | ??????????? p !!%!k """ """ | | ???????????######+################# """ ### | | ??????????????????????????????????# """ # | | ??????????????????????????????????# # " | | ??????????????????????????????????# """ """ # " | | ??????????????????????????????????T """ """ # " | | ??????????????????????????????????# """ """ # " | | ?????????????????????????????????? # " | | ???????????????????????????????#??" # " | | ?????????????????????????????????? ? # " | | ??????????????????????????????????" ""? "" # | | ?????????????????????????????????? "? "" # | | ??????????????????????????????????? ?"" """ # | | ???????????????????????????????????????"" """ # | | ??????????????????????????????????????""" """ ### | | ???????????????????????????????????? ?? ??? | | ??????????????????????????????????? "" ### | | ??????????????????????????????????? "" | | ??????????????????????????????????? """ | | ??????????????????????????????????# *!! """ | | ??????????????????????????????????# !! """ | | ??????????????????????????????????# !! | +----------------------------------------------------+ Best States ------------- Heat Dissipation 41 Energy Generation 18 Energy Capacity 150 Matter Stores 300 Matter Capacity 300 Sight Range 16 Terrain Scan Range 16 Terrain Scan Density 60 Resistance: KI 20 Resistance: TH 20 Resistance: EX 20 Resistance: EM 20 Resistance: I 20 Resistance: S 20 Resistance: P 20 Evasion (%) 62 Core Analysis 6 Offensive Hacking 10 Item Schematics ----------------- None Robot Schematics ------------------ None Fabricated ------------ Nothing Alien Tech Used ----------------- None Achievements -------------- None Challenges ------------ None Game ------ Seed SeismicMyomerField Manual? 0 Play Time 00:15:44 Cumulative 128.0 hours Start 2020.07.27 @ 22:58:34 End 2020.07.27 @ 23:13:16 Sessions 1 Manual Loads 0 Difficulty Adventurer Special Mode None Game No. 60 Rogue 0 Adventurer 60 Explorer 0 Win Type - Total 1 Types 1/0/0/0/0/0/0 Lore% 23 Gallery% 51 Achievement% 35 Wizard Run 0 Options --------- ASCII 0 Keyboard 0 Movement Numpad Keybinds 0 Fullscreen 0 Font 12/Smallcaps Map View 83x54 Tactical HUD 1 Map Filters NONE Filters NONE Steam X RUN: 7f15788b-2d97-4f04-9308-9744662b12ba